 Dungeon Crawl Stone Soup version 0.31-a0-431-g88bdf31460 (webtiles) character file.

Game seed: 805799795536546740

1598 holysushi the Slicer (level 8, 0/64 HPs)
             Began as a Minotaur Chaos Knight on July 31, 2023.
             Was a Plaything of Xom.
             Slain by an unseen horror (6 damage)
             ... on level 6 of the Dungeon.
             The game lasted 00:08:12 (5478 turns).

holysushi the Slicer (Minotaur Chaos Knight)        Turns: 5478, Time: 00:08:13

Health: 0/64       AC:  4    Str: 24    XL:     8   Next: 62%
Magic:  7/7        EV: 13    Int: 11    God:    Xom [..*...]
Gold:   302        SH:  0    Dex:  9    Spells: 7/7 levels left

rFire   . . .        r - +1 dagger (flame)
rCold   . . .        (no shield)
rNeg    . . .        b - +0 troll leather armour
rPois   .            (helmet currently unavailable)
rElec   .            (cloak currently unavailable)
rCorr   .            (gloves currently unavailable)
SInv    .            (boots currently unavailable)
Will    .....        (no amulet)
Stlth   +            (no ring)
HPRegen 1.10/turn    (no ring)
MPRegen 0.10/turn

%: no passive effects
@: about to teleport, beast-form
A: beast (slay +2), horns 2, retaliatory headbutt, clever 1, mutation resistance
1, strong 2, MP-powered wands
a: Begin Untransformation, Renounce Religion


You were on level 6 of the Dungeon.
You worshipped Xom.
You were a toy of Xom.
You were a hulking beast.
You visited 2 branches of the dungeon, and saw 7 of its levels.

You collected 379 gold pieces.
You spent 77 gold pieces at shops.

Inventory:

Hand Weapons
 a - a +0 short sword of chaos
 r - a +1 dagger of flaming (weapon)
 x - a +0 rapier
Missiles
 y - a throwing net
Armour
 b - a +0 troll leather armour (worn)
 s - a +1 robe of willpower
Jewellery
 f - a ring of resist corrosion
Talismans
 o - a maw talisman
 u - a beast talisman (active)
Wands
 w - a wand of paralysis (4)
Scrolls
 d - a scroll of immolation {unknown}
 e - 6 scrolls of teleportation
 g - 2 scrolls of vulnerability {unknown}
 i - 2 scrolls of silence {unknown}
 j - 9 scrolls of identify {unknown}
 m - 3 scrolls of poison {unknown}
 q - 3 scrolls of revelation {unknown}
 z - a scroll of blinking {unknown}
Potions
 h - a potion of ambrosia {unknown}
 k - 3 potions of heal wounds {unknown}
 l - a potion of resistance {unknown}
 p - 2 potions of cancellation {unknown}
 t - a potion of brilliance {unknown}
 v - a potion of enlightenment {unknown}
 A - a potion of magic {unknown}
Miscellaneous
 c - a piece from Xom's chessboard (15/15) (quivered)


   Skills:
 * Level 3.6 Fighting
 + Level 8.7 Short Blades
 - Level 2.4 Armour
 + Level 6.0 Dodging
 - Level 3.9 Shapeshifting


You had 7 spell levels left.
You didn't know any spells.
Your spell library contained the following spells:

 Spells                   Type           Power      Damage    Failure   Level
 Necrotise                Necr           0%         1d4       38%         1
 Dazzling Flash           Conj/Hex       0%         N/A       77%         3
 Gell's Gravitas          Tloc           0%         N/A       77%         3
 Ozocubu's Armour         Ice            0%         N/A       77%         3
 Teleport Other           Tloc           0%         N/A       77%         3
 Vampiric Draining        Necr           0%         2d6       77%         3
 Volatile Blastmotes      Fire/Tloc      0%         2d10      77%         3
 Agony                    Necr           0%         N/A       100%        5
 Metabolic Englaciation   Hex/Ice        0%         N/A       100%        5
 Summon Forest            Summ/Tloc      0%         N/A       100%        5
 Dispersal                Tloc           0%         N/A       100%        6
 Eringya's Noxious Bog    Tmut/Pois      0%         4d6       100%        6
 Simulacrum               Ice/Necr       0%         N/A       100%        6
 Starburst                Conj/Fire      0%         6d3       100%        6
 Summon Hydra             Summ           0%         N/A       100%        7
 Maxwell's Capacitive Co  Air            0%         ∞         100%        8


Dungeon Overview and Level Annotations

Branches:
Dungeon (6/15) Zot: 25967  Temple (1/1) D:5 Zot: 5985

Altars:
Cheibriados
Elyvilon
Fedhas
Gozag
Hepliaklqana
Kikubaaqudgha
Makhleb
Nemelex Xobeh
Okawaru
Qazlal
Ru
Sif Muna
Trog
Uskayaw
Vehumet
Wu Jian
Xom
Yredelemnul

Shops:
D:1 [   D:2 *


Innate Abilities, Weirdness & Mutations

You are a hulking beast.
Your limbs bulge with bestial killing power. (Slay +2)
You have a pair of horns on your head.
You reflexively headbutt those who attack you in melee.
Your mind is acute. (Int +4, Str/Dex -1)
You are somewhat resistant to further mutation.
Your muscles are very strong. (Str +8, Int/Dex -2)
You expend magic power (3 MP) to strengthen your wands.


Message History

A shadow comes into view.
A shadow is nearby!
A shadow is nearby!
A shadow is nearby!
A shadow is nearby!
A shadow is nearby!
An electric eel comes into view.
Xom almost notices you.
Nothing appears to happen...
Ominous!
The electric eel shoots out a bolt of lightning at you!
The bolt of electricity hits you.
The shadow slips into darkness.
The shadow flickers and vanishes!
Deactivating autopickup; reactivate with Ctrl-A.
Something hits you but does no damage.
No reachable target in view!
No reachable target in view!
No reachable target in view!
Something hits you.
Something hits you but does no damage. x2
Something hits you! x2
Something hits you!
There is a large open door here.
Something hits you! Something hits you. x2
Something hits you.
Okay, then.
As you read the scroll of teleportation, it crumbles to dust.
You feel strangely unstable. Something hits you but does no damage.
The shadow strikes at you from the darkness!
* * * LOW HITPOINT WARNING * * *
Reactivating autopickup.
Something hits you but does no damage.
Deactivating autopickup; reactivate with Ctrl-A.
Something hits you.
* * * LOW HITPOINT WARNING * * *
You feel better. Something hits you!
* * * LOW HITPOINT WARNING * * *
The shadow barely misses you. Something hits you.
You die...
Xom thinks this is hilarious!

#.....................##..#
##.
#..................#####..##
##. ##..........###...## ##..#
#.. #.........## #..## ####
### ##.........###..# #
#...........#..######≈≈≈≈≈≈≈
###.....##..........##≈≈≈≈≈≈≈≈
........#####......##≈≈≈≈≈≈≈≈≈
........## ###.h###≈≈≈≈≈≈≈≈≈≈
.........# #.W##≈≈≈≈≈S≈≈≈≈≈
.........# #..##≈≈≈≈≈≈≈≈≈≈≈
.........# ##..##≈≈≈≈≈≈≈♣..♣
.........## ##....'........♣
......##..###.....'........♣
.....##...........#≈≈≈≈≈≈≈♣..♣
......#..#........#≈≈≈≈≈≈≈≈≈≈≈
........##........#≈≈≈≈≈≈≈≈≈≈≈


You could see a shadow.

Vanquished Creatures
  An ugly thing (D:6)
  2 water moccasins (D:5)
  An ice beast (D:5)
  An ogre (D:5)
  A centaur (D:5)
  A phantom (D:5)
  2 scorpions
  2 howler monkeys
  4 hounds
  A jelly (D:5)
  Jessica (D:2)
  An orc wizard (D:5)
  Natasha (thrice) (D:4)
  Robin (D:2)
  7 gnolls
  4 adders
  A river rat (D:1)
  A white imp (D:5)
  2 ufetubi
  A dart slug (D:4)
  8 orcs
  5 ball pythons
  2 bats (D:2)
  2 endoplasms
  3 giant cockroaches
  15 goblins
  6 hobgoblins
  2 jackals (D:4)
  3 frilled lizards
  3 kobolds
  4 rats
91 creatures vanquished.

Notes
Turn   | Place    | Note
-------+----------+-------------------------------------------
     0 | D:1      | holysushi the Minotaur Chaos Knight began the quest for the
                  | Orb.
     0 | D:1      | Reached XP level 1. HP: 19/19 MP: 0/0
    23 | D:1      | XOM: silly message
    29 | D:1      | Reached skill level 4 in Short Blades
    29 | D:1      | Reached XP level 2. HP: 26/26 MP: 1/1
   295 | D:1      | XOM: cloud trail
   347 | D:1      | Found Roraas's Antique Armour Shop.
   750 | D:1      | XOM: noise
   995 | D:2      | XOM: smoke on damage
   997 | D:2      | Reached XP level 3. HP: 28/31 MP: 2/2
  1186 | D:2      | Found Itobb's General Store.
  1195 | D:2      | Bought a scroll of teleportation for 33 gold pieces
  1195 | D:2      | Bought a potion of curing for 33 gold pieces
  1195 | D:2      | Bought a potion of degeneration for 11 gold pieces
  1277 | D:2      | XOM: silly message
  1288 | D:2      | Reached skill level 5 in Short Blades
  1298 | D:2      | Reached XP level 4. HP: 33/39 MP: 3/3
  1354 | D:2      | Noticed Robin
  1377 | D:2      | Killed Robin
  1471 | D:2      | Noticed Jessica
  1474 | D:2      | Killed Jessica
  1828 | D:3      | Found a bloodstained altar of Trog.
  2259 | D:4      | Noticed Natasha
  2270 | D:4      | Killed Natasha
  2271 | D:4      | Reached XP level 5. HP: 34/45 MP: 4/4
  2286 | D:4      | Noticed Natasha
  2292 | D:4      | Killed Natasha
  2442 | D:4      | Noticed Natasha
  2450 | D:4      | Killed Natasha
  2503 | D:4      | Reached skill level 6 in Short Blades
  2503 | D:4      | Reached skill level 1 in Shapeshifting
  2514 | D:4      | XOM: summons friendly white imp
  2520 | D:4      | Reached XP level 6. HP: 46/51 MP: 5/5
  2788 | D:5      | Entered Level 5 of the Dungeon
  2795 | D:5      | Found a staircase to the Ecumenical Temple.
  2825 | D:5      | Found a hide-covered altar of Uskayaw.
  2844 | D:5      | Noticed a water moccasin
  2854 | D:5      | Killed a water moccasin
  3011 | D:5      | XOM is BORED!
  3011 | D:5      | XOM: noise
  3040 | D:5      | Noticed a water moccasin
  3053 | D:5      | Killed a water moccasin
  3054 | D:5      | Reached XP level 7. HP: 26/57 MP: 6/6
  3077 | Temple   | Entered the Ecumenical Temple
  3148 | D:5      | Reached skill level 7 in Short Blades
  3148 | D:5      | Reached skill level 5 in Dodging
  3666 | D:5      | Reached XP level 8. HP: 62/64 MP: 7/7
  4041 | D:5      | Found a staircase to the Ecumenical Temple.
  4072 | D:5      | Found a hide-covered altar of Uskayaw.
  4169 | D:5      | XOM: give mutations
  4169 | D:5      | Gained mutation: You are somewhat resistant to further
                  | mutation. [Xom's grace]
  4169 | D:5      | Gained mutation: Your mind is acute. (Int +4, Str/Dex -1)
                  | [Xom's grace]
  4169 | D:5      | Gained mutation: Your muscles are strong. (Str +4, Int/Dex
                  | -1) [Xom's grace]
  4176 | D:5      | XOM: 2-stop teleportation journey
  4190 | D:5      | XOM: give mutations
  4190 | D:5      | Gained mutation: You expend magic power (3 MP) to
                  | strengthen your wands. [Xom's grace]
  4190 | D:5      | Gained mutation: Your muscles are very strong. (Str +8,
                  | Int/Dex -2) [Xom's grace]
  4283 | D:5      | XOM is BORED!
  4283 | D:5      | XOM: silly message
  4432 | D:5      | XOM is BORED!
  4432 | D:5      | XOM: silly message
  4620 | D:6      | Identified the +4 mace "Demonbane" {protect, Fly rC+ Str+3
                  | Int+6}
  4860 | D:6      | Noticed a green ugly thing
  4881 | D:6      | XOM: divination: detect items
  4895 | D:6      | Killed a green ugly thing
  4895 | D:6      | HP: 3/64 [poisoned by a green ugly thing]
  4896 | D:6      | Reached skill level 8 in Short Blades
  5466 | D:6      | XOM: silly message
  5476 | D:6      | HP: 3/64 [something (4)]
  5478 | D:6      | Slain by an unseen horror

Illustrated notes

Levels and vault maps discovered:
D:1:      dpeg_arrival_round_a, layout_basic, serial_shops,
          nicolae_shop_statue_plus
D:2:      layout_loops_ring, serial_shops, nicolae_lakefront_shop,
          kennysheep_decorative_pillar, minivault_14, uniq_robin, uniq_jessica
D:3:      layout_basic, overflow_temple_1_default
D:4:      layout_cave_pools, kennysheep_generic_room_3, uniq_natasha
D:5:      minmay_general_purpose_star, layout_cave_pools,
          nicolae_uskayaw_suspiria, minmay_temple_entry_hall,
          serial_bayou_pond_e, kennysheep_boxes
D:6:      kennysheep_big_flooded_room, layout_layer_cave, nicolae_benzene_ring
Temple:   nicolae_temple_superstar

Skill      XL: |  1  2  3  4  5  6  7  8 |
---------------+-------------------------+-----
Short Blades   | 4 5 6 7 8 |  8.7
Dodging        | 2 3 4 5 6 |  6.0
Shapeshifting  | 1 2 3 |  3.9
Fighting       | |  3.6
Armour         | |  2.4

Action                     |  1- 3 |  4- 6 |  7- 9 || total
---------------------------+-------+-------+-------++-------
  Melee: Short sword       |    79 |     5 |       ||    84
         Headbutt          |    13 |    29 |    22 ||    64
         Punch             |     1 |     1 |       ||     2
         Dagger            |       |   123 |    85 ||   208
    Use: Potion            |       |       |     5 ||     5
         Scroll            |       |       |     2 ||     2
 Armour: Leather armour    |    15 |     7 |       ||    22
         Troll leather arm |       |    18 |    13 ||    31
         Robe              |       |     1 |       ||     1
  Dodge: Dodged            |    49 |    57 |    42 ||   148
   Form: Beast             |       |     1 |       ||     1

Table legend: (Time is in decaauts)
 A = Elapsed time spent in this place.
 B = Non-inter-level travel time spent in this place.
 C = Inter-level travel time spent in this place.
 D = Time resting spent in this place.
 E = Time spent auto-exploring this place.
 F = Levels seen in this place.
 G = Mean time per level.
                   A        B        C        D        E       F      G
               +--------+--------+--------+--------+--------+-----+--------+
         Total |   5391 |   5213 |    178 |    593 |   3544 |   7 |  770.1 |
       Dungeon |   5377 |   5199 |    178 |    580 |   3544 |   6 |  896.2 |
        Temple |     14 |     14 |      0 |     13 |      0 |   1 |   14.0 |
               +--------+--------+--------+--------+--------+-----+--------+

Top non-repeatable levels by time:
     D:5: 1572 daAuts
     D:6: 1032 daAuts
     D:1: 918 daAuts
     D:2: 667 daAuts
     D:3: 636 daAuts
     D:4: 549 daAuts
  Temple: 14 daAuts
